 Dungeon Crawl Stone Soup version 0.29.1-12-g30fa7ad0bf (webtiles) character file.

Game seed: 12271506701773904261

217 croobank the Insei (level 5, -1/35 HPs)
             Began as an Octopode Transmuter on Jan 1, 2023.
             Slain by an orc
             ... wielding a +0 flail
              (9 damage)
             ... on level 4 of the Dungeon.
             The game lasted 00:08:44 (5925 turns).

croobank the Insei (Octopode Transmuter)            Turns: 5925, Time: 00:08:44

Health: -1/35      AC:  1    Str:  9    XL:     5   Next: 94%
Magic:  7/9        EV: 13    Int: 17    God:
Gold:   113        SH:  0    Dex: 13    Spells: 3/9 levels left

rFire   . . .      SeeInvis .   l - staff of poison
rCold   . . .      Faith    .   (no shield)
rNeg    . . .      Spirit   .   (helmet currently unavailable)
rPois   +          Reflect  .   (no amulet)
rElec   .          Harm     .   (no ring)
rCorr   .          Rampage  .   (no ring)
Will    .....                   (no ring)
Stlth   +++.......              (no ring)
HPRegen 0.11/turn               (no ring)
MPRegen 0.11/turn               (no ring)
                                (no ring)
                                (no ring)

@: appendages, wereblooded
A: tentacle spike 3, almost no armour, amphibious, 8 rings, camouflage 1,
gelatinous body 1, (nimble swimmer 1), tentacles
a: End Transformation


You were on level 4 of the Dungeon.
One of your tentacles had grown a beastly spike.
You visited 1 branch of the dungeon, and saw 4 of its levels.

You collected 113 gold pieces.

Inventory:

Hand Weapons
 a - a +0 short sword
 b - a +0 long sword
 o - a +2 vorpal mace
 r - a +0 war axe
 u - a +2 dagger of chaos
 v - a +2 spear of chaos
Missiles
 h - 5 poisoned darts
Armour
 m - an orb of wrath
Magical Staves
 l - a staff of poison (weapon)
Jewellery
 k - a ring of ice
 t - a +4 ring of protection
Scrolls
 c - 3 scrolls of teleportation
 d - 5 scrolls of identify {unknown}
 g - a scroll of amnesia {unknown}
 j - 2 scrolls of butterflies {unknown}
 p - a scroll of immolation {unknown}
 q - a scroll of brand weapon {unknown}
Potions
 e - 2 potions of lignification
 i - a potion of might {unknown}
 n - a potion of brilliance {unknown}
 s - a potion of heal wounds {unknown}


   Skills:
 + Level 2.5 Fighting
 + Level 3.0 Dodging
 + Level 3.0 Stealth
 - Level 3.0 Unarmed Combat
 + Level 2.9 Spellcasting
 + Level 3.0 Transmutations
 + Level 2.0 Poison Magic


You had 3 spell levels left.
You knew the following spells:

 Your Spells              Type           Power      Damage    Failure   Level
a - Beastly Appendage     Tmut           24%        N/A       5%          1
b - Wereblood             Tmut           12%        N/A       8%          2
c - Spider Form           Tmut/Pois      16%        N/A       19%         3

Your spell library contained the following spells:

 Spells                   Type           Power      Damage    Failure   Level
 Shock                    Conj/Air       8%         1d3       19%         1
 Blink                    Tloc           4%         N/A       26%         2
 Swiftness                Air            2%         N/A       47%         3
 Ice Form                 Ice/Tmut       7%         N/A       67%         4
 Airstrike                Air            1%         2d(1-17)  87%         4
 Fireball                 Conj/Fire      1%         3d3       99%         5
 Iskenderun's Battlesphe  Conj           2%         2d6       99%         5
 Manifold Assault         Tloc           2%         N/A       99%         5
 Conjure Ball Lightning   Conj/Air       1%         3x3d6     100%        6
 Orb of Destruction       Conj           1%         9d5       100%        7
 Storm Form               Tmut/Air       3%         N/A       100%        7


Dungeon Overview and Level Annotations

Branches:
Dungeon (4/15)
 Temple: D:4-7

Altars:
Okawaru
Vehumet
Xom


Innate Abilities, Weirdness & Mutations

One of your tentacles has grown a beastly spike.
You cannot wear most types of armour.
You are amphibious.
You can wear up to eight rings at the same time.
Your skin changes colour to match your surroundings (Stealth+).
Your rubbery body absorbs attacks. (AC +1, EV +1)
((You are camouflaged when in or above water. (Stealth+)))
You have tentacles for arms and can constrict up to eight enemies at once.


Message History

Your transformation is almost over.
Your tentacle spike disappears.
HP restored.
Casting: Beastly Appendage (safe; 5% risk of failure)
Confirm with . or Enter, or press ? or * to list all spells.
One of your tentacles grows a vicious spike.
The orc shouts! x2
Casting: Beastly Appendage (safe; 5% risk of failure)
Confirm with . or Enter, or press ? or * to list all spells.
Your blood is infused with primal strength.
The orc barely misses you.
You hit the orc but do no damage. Your grab misses the orc.
Your tentacle spike misses the orc.
The orc hits you with a +0 mace. x2
You hit the orc. You grab the orc.
The orc is heavily wounded.
You constrict the orc, but do no damage.
The orc barely misses you.
You hit the orc but do no damage.
You pierce the orc, but do no damage.
The orc is heavily wounded.
You constrict the orc, but do no damage.
The orc hits you with a +0 mace.
You are too injured to fight recklessly!
You are too injured to fight recklessly!
You are too injured to fight recklessly!
You hit the orc but do no damage.
You pierce the orc, but do no damage.
The orc is heavily wounded.
You constrict the orc, but do no damage.
The orc misses you. The orc hits you with a +0 flail.
You hit the orc but do no damage.
The orc is heavily wounded.
You constrict the orc, but do no damage.
The orc hits you with a +0 mace.
* * * LOW HITPOINT WARNING * * *
The orc closely misses you.
You hit the orc but do no damage. You squeeze the orc.
The orc is heavily wounded.
You constrict the orc.
You feel a bit better.
You kill the orc!
The orc hits you with a +0 flail!
You die...

##...###....####..>.......#
#.. ##..#
###...##...........###....
#..##
##...............<....##
##..#
##....######....##...#
#..#######..## ###..# ...#
#...........## #..## ...
##...........#######.## ..
# #....####..)o....... . #
##.######....@.......
####..##........#######.
.#..............# #..# #
....#...........# #..## ##.
...###.....###..# #..#
###.. .### #...### #..#
#..###.... .# ##..# #..##
##...#..... .## #..###
#...######.......... ..#
#....###..)................


You could see an orc.

Vanquished Creatures
  Natasha (thrice) (D:3)
  An orc wizard (D:4)
  4 adders
  3 worms
  2 dart slugs
  8 orcs (D:4)
  7 ball pythons
  4 endoplasms
  6 giant cockroaches
  3 goblins
  5 hobgoblins
  2 jackals (D:1)
  3 quokkas
  4 bats
  2 frilled lizards (D:1)
  3 kobolds
  5 rats
65 creatures vanquished.

Vanquished Creatures (others)
  12 fungi (D:3)
  3 plants (D:3)
15 creatures vanquished.

Grand Total: 80 creatures vanquished

Notes
Turn   | Place    | Note
-------+----------+-------------------------------------------
     0 | D:1      | croobank the Octopode Transmuter began the quest for the
                  | Orb.
     0 | D:1      | Reached XP level 1. HP: 13/13 MP: 3/3
   508 | D:1      | Reached XP level 2. HP: 15/18 MP: 3/5
   514 | D:1      | Learned a level 2 spell: Wereblood
   716 | D:1      | Reached skill level 1 in Stealth
  1540 | D:2      | Reached XP level 3. HP: 14/23 MP: 1/6
  1544 | D:2      | Learned a level 3 spell: Spider Form
  1973 | D:2      | Found a faded altar of an unknown god.
  3378 | D:3      | Found an iron altar of Okawaru.
  3408 | D:3      | Noticed Natasha
  3420 | D:3      | Killed Natasha
  3421 | D:3      | Reached skill level 1 in Poison Magic
  3421 | D:3      | Reached XP level 4. HP: 11/29 MP: 3/7
  3717 | D:3      | Found a radiant altar of Vehumet.
  3729 | D:3      | Noticed Natasha
  3736 | D:3      | Killed Natasha
  4148 | D:3      | Reached XP level 5. HP: 19/34 MP: 5/8
  4155 | D:3      | Noticed Natasha
  4163 | D:3      | Killed Natasha
  4615 | D:4      | Found a shimmering altar of Xom.
  5925 | D:4      | Slain by an orc

Illustrated notes

Levels and vault maps discovered:
D:1:      mrwooster_arrival_arrow, layout_loops_ring
D:2:      layout_loops_corners, shapermc_ecumenical_altar_mp_highgroup
D:3:      layout_rooms, mainiacjoe_overflow_boulevard,
          mainiacjoe_overflow_cross_hatched, uniq_natasha
D:4:      layout_layer_cave, jmf_multi_god_temple, tgw_xom

Skill      XL: |  1  2  3  4  5 |
---------------+----------------+-----
Stealth        | 1 2 3 |  3.0
Poison Magic   | 1 2 |  2.0
Fighting       | 2 |  2.5
Dodging        | 3 |  3.0
Transmutations | 3 |  3.0
Unarmed Combat | |  3.0
Spellcasting   | |  2.9

Action                   |  1- 3 |  4- 6 || total
-------------------------+-------+-------++-------
Melee: Unarmed           |    12 |       ||    12
       Short sword       |    55 |       ||    55
       Constrict         |    19 |    20 ||    39
       Tentacles         |    15 |    20 ||    35
       Kick              |    21 |    23 ||    44
       Staff             |    11 |    77 ||    88
       Punch             |     1 |     2 ||     3
 Cast: Beastly Appendage |    27 |    20 ||    47
       Wereblood         |    18 |    18 ||    36
  Use: Scroll            |       |     1 ||     1
       Potion            |       |     1 ||     1
 Stab: Sleeping          |    10 |     3 ||    13
Armor: Skin              |     4 |     4 ||     8
Dodge: Dodged            |    44 |    45 ||    89
